 Dungeon Crawl Stone Soup version 0.21-a0-641-geef9d7f (webtiles) character file.

139715 Gorglomux the Warrior (level 16, 0/155 HPs)
             Began as a Red Draconian Arcane Marksman on Dec 30, 2017.
             Was the Champion of Ru.
             Killed from afar by a shock serpent (12 damage)
             ... with a bolt of electricity
             ... on level 3 of the Snake Pit.
             The game lasted 01:24:49 (26401 turns).

Gorglomux the Warrior (DrAM)                       Turns: 26401, Time: 01:24:50

Health: 0/155      AC: 12    Str: 14    XL:     16   Next: 74%
Magic:  17/17      EV: 22    Int: 15    God:    Ru [******]
Gold:   1129       SH: 30    Dex: 16    Spells: 10/17 levels left

rFire    + + .     SeeInvis .     - Unarmed
rCold    + . .     Gourm    .   Y - +6 large shield
rNeg     . . .     Faith    .   (armour unavailable)
rPois    +         Spirit   .   (helmet restricted)
rElec    .         Reflect  +   (no cloak)
rCorr    .         Harm     .   (no gloves)
MR       +....                  y - +2 pair of boots
Stlth    ..........             Z - +6 amulet of reflection
HPRegen  0.75/turn              o - ring of poison resistance
MPRegen  0.15/turn              f - ring of protection from fire

@: lethally poisoned (0 -> 0), exhausted, short of breath, drained
A: breathe fire, unfitting armour, clever 1, cold resistance 1, fire resistance
1, regeneration 1, screaming 2, weak 1, cold-blooded, no stealth, inability to
use devices, hated by all, inexperienced 1, AC +9
a: Breathe Fire, Draw Out Power, Power Leap, Apocalypse, Renounce Religion


You were on level 3 of the Snake Pit.
You worshipped Ru.
Ru was exalted by your worship.
You were not hungry.

You visited 5 branches of the dungeon, and saw 27 of its levels.
You also visited: Ice Cave.

You collected 2915 gold pieces.
You spent 1786 gold pieces at shops.

Inventory:

Hand Weapons
 a - the +7 war axe "Zuasch" {drain, Int+2}
   (You took it off a centaur on level 5 of the Dungeon)

   A truly terrible weapon, it drains the life of those it strikes.
   It affects your intelligence (+2).
Armour
 y - a +2 pair of boots (worn)
 Y - a +6 large shield (worn)
Jewellery
 c - an uncursed ring of protection from cold
 f - a ring of protection from fire (right hand)
 g - an uncursed ring of resist corrosion
 o - a ring of poison resistance (left hand)
 s - an uncursed ring of see invisible
 Z - a +6 amulet of reflection (around neck)
Scrolls
 t - a scroll of immolation
 u - 3 scrolls of amnesia
 v - a scroll of holy word
 B - 3 scrolls of blinking
 E - 7 scrolls of remove curse
 J - 5 scrolls of fog
 M - 3 scrolls of magic mapping
 R - 5 scrolls of identify
 S - a scroll of enchant armour
 T - 11 scrolls of teleportation
 W - 5 scrolls of fear
Potions
 q - 4 potions of agility
 w - 3 potions of heal wounds
 z - 4 potions of resistance
 A - 2 potions of invisibility
 C - 7 potions of mutation {!q}
 D - 4 potions of brilliance
 H - 3 potions of flight
 I - 4 potions of magic
 L - 5 potions of lignification
 P - 3 potions of ambrosia
 Q - 6 potions of curing
 U - 2 potions of haste
 V - 2 potions of might
 X - 2 potions of cancellation
Comestibles
 d - 46 rations


   Skills:
 - Level 17.5(17.2) Fighting
   Level 1.7(1.5) Crossbows
 + Level 15.4(15.1) Dodging
 + Level 14.5(14.1) Shields
 + Level 12.4(12.1) Unarmed Combat
 - Level 1.0(0.7) Spellcasting
 - Level 2.6(2.4) Hexes


You had 10 spell levels left.
You knew the following spells:

 Your Spells              Type           Power        Failure   Level  Hunger
a - Corona                Hex            #......      36%         1    ##.....
Y - Statue Form           Tmut/Erth      #........    100%        6    #######


Dungeon Overview and Level Annotations

Branches:
Dungeon (15/15)            Temple (1/1) D:6            Lair (6/6) D:9
 Shoals (0/4) Lair:4        Snake (3/4) Lair:4        Slime (0/5) Lair:5
    Orc (2/2) D:12            Elf (0/3) Orc:2        Vaults (0/5) D:13
 Depths (0/5) D:15

Altars:
Ashenzari
Cheibriados
Dithmenos
Elyvilon
Fedhas
Gozag
Hepliaklqana
Kikubaaqudgha
Makhleb
Nemelex Xobeh
Okawaru
Qazlal
Ru
Sif Muna
Trog
Uskayaw
Vehumet
Wu Jian
Xom
Yredelemnul
Zin
The Shining One

Shops:
D:4 [   D:6 :   D:8 *   D:15 *   Orc:2 [!:*   Snake:2 =}

Portals:
Pandemonium: Orc:2

Annotations:
D:5 Monsterracer's ghost, veteran MiFE
D:15 exclusion: orange crystal statue
Lair:2 exclusion: oklob plant


Innate Abilities, Weirdness & Mutations

You can breathe blasts of fire.
Your fiery red scales are hard. (AC +9)
You cannot fit into any form of body armour.
Your flesh is heat resistant. (rF+)
You sometimes yell uncontrollably at your foes.
You are cold-blooded and may be slowed by cold attacks.
You cannot be stealthy.
You cannot study or use magical devices.
You are hated by all.
You are somewhat inexperienced. (-2 XL)
Your mind is acute. (Int +2)
Your flesh is cold resistant. (rC+)
Your natural rate of healing is unusually fast.
You are weak. (Str -2)


Message History

The black mamba is engulfed in blazing butts!
Butt command!
You pulverise the shock serpent!!!
The shock serpent is severely wounded!
The shock serpent's electric aura discharges, shocking you!!! * * * don't die
* * * The black mamba is engulfed in blazing flames!
The shock serpent shoots out a bolt of lightning at you!!!
The bolt of electricity hits you!!! * * * don't die
* * * The black mamba butts engulfed in blazing flames!
You annihilate the black mamba!!!
You pulverise the shock serpent!!!
The shock butt is butt dead!
The shock serpent's electric aura discharges, shocking you!!! * * * don't die
* * * You feel sick!
The shock serpent shoots butt a bolt of lightning at you!!!
The bolt of electricity hits you!!! butt

#..#..†SS.##
#....#)....#
#.....†.?.##
#.....S###....
#....S#### ###
#........#### ##
###.....##..##.)#
########..#......#
#...@S§S.)...#
#.#########.)# #.#
##.... #.# ....#
#.# ##### #.# #.#
#.# #.#


You could see a shock serpent and a black mamba.

Vanquished Creatures
  A frost giant (IceCv)
  An orc warlord (Orc:2)
  Azrael (D:14)
  Josephine (D:15)
  2 fire dragons (D:15)
  Fannar (Orc:1)
  A merfolk avatar (Lair:6)
  7 naga warriors
  4 hydras
  3 centaur warriors
  An ice dragon (Lair:1)
  9 anacondas
  A catoblepas (Lair:4)
  4 two-headed ogres
  An ogre mage (D:13)
  2 death yaks (IceCv)
  6 orc high priests (Orc:2)
  A tengu warrior (D:15)
  The ghost of CcS the Merchant of Misery, a novice DENe of Kikubaaqudgha (D:9)
  A naga sharpshooter (Snake:2)
  2 shock serpents
  Sonja (D:15)
  4 skeletal warriors (D:15)
  A salamander mystic (Snake:2)
  A sea snake (Lair:6)
  2 unseen horrors
  An infernal demonspawn (Orc:2)
  A torturous demonspawn (Orc:2)
  3 naga ritualists
  A wizard (D:14)
  5 orc knights
  4 oklob plants (Lair:5)
  A wolf spider zombie (D:15)
  7 mana vipers
  24 ugly things
  6 orc sorcerers (Orc:2)
  5 manticores
  4 centaur zombies
  5 salamanders
  3 cyclopes
  5 guardian serpents
  An ice statue (IceCv)
  A rust devil (Orc:2)
  11 naga magi
  A smoke demon (Orc:2)
  26 black mambas
  15 elephants
  10 spiny frogs
  A gargoyle (D:11)
  An efreet (D:14)
  2 kobold demonologists
  7 rime drakes
  8 komodo dragons
  A hellwing (Orc:2)
  3 yaktaurs (D:13)
  A queen bee (D:11)
  3 trolls
  A wolf spider simulacrum (D:14)
  8 blink frogs
  2 hornets (Lair:6)
  18 polar bears
  A wind drake (Lair:6)
  10 hippogriffs
  4 centaur simulacra
  Sigmund (D:6)
  38 yaks
  A vampire (D:15)
  4 fire elementals (D:14)
  5 wraiths (D:15)
  A ynoxinul (Orc:2)
  Grum (Lair:1)
  5 wyverns
  2 hungry ghosts
  A steam dragon (D:10)
  Menkaure (D:5)
  Edmund (D:6)
  A chaos spawn (Orc:2)
  2 wargs (Orc:2)
  19 nagas
  3 acid dragons
  Duvessa (D:5)
  4 porcupines
  16 water moccasins
  3 hell hounds (D:14)
  34 orc warriors
  4 sky beasts
  3 eyes of draining
  A black bear (D:9)
  14 ice beasts
  4 phantoms
  3 necrophages
  46 wolves
  10 ogres
  11 centaurs
  19 crocodiles
  A crocodile (shapeshifter) (D:15)
  2 big kobolds
  Blork the orc (D:6)
  26 bullfrogs
  A hornet simulacrum (D:14)
  6 scorpions
  29 killer bees
  Dowan (D:5)
  4 wights (D:9)
  8 howler monkeys
  4 bullfrog zombies
  6 crimson imps
  3 bullfrog skeletons
  28 orc priests
  A wyvern simulacrum (D:14)
  7 hounds
  2 jellies
  7 centaur skeletons
  2 iguanas
  Natasha (thrice) (D:2 D:4)
  25 orc wizards
  6 hell rats (Lair:3)
  7 worker ants
  A killer bee zombie (D:11)
  2 hound zombies
  3 worker ant zombies
  A howler monkey zombie (D:11)
  4 gnolls (D:8)
  13 adders
  2 oozes
  An adder zombie (D:6)
  3 adder skeletons
  2 worms
  4 dart slugs
  6 leopard geckos
  95 orcs
  4 giant cockroaches
  4 goblins
  6 hobgoblins
  11 jackals
  18 kobolds
  5 quokkas
  2 ball pythons
  8 bats
  A frilled lizard (D:5)
  2 quokka zombies
  7 rats
  2 fungi (Lair:6)
  4 plants
921 creatures vanquished.

Vanquished Creatures (others)
  A dire elephant (Lair:6)
  A hydra (Lair:1)
  A catoblepas (Lair:5)
  2 centaur warriors (D:13)
  A sun demon (Orc:2)
  A deep elf mage (D:15)
  An ugly thing (D:14)
  A salamander (Snake:1)
  A cyclops (D:15)
  A gargoyle (D:15)
  2 spiny frogs
  2 black mambas
  3 naga magi
  A yaktaur (D:13)
  A komodo dragon (Lair:6)
  2 polar bears (Lair:6)
  A hippogriff (Lair:6)
  2 wyverns (Lair:6)
  4 yaks
  A basilisk (Lair:3)
  2 nagas
  A soldier ant (D:15)
  A water moccasin (Lair:1)
  A hell hound (D:14)
  A black bear (D:10)
  A centaur (D:13)
  3 wolves (IceCv)
  A jelly (D:14)
  A bullfrog skeleton (D:13)
  A worker ant (D:13)
  A hell rat (Lair:3)
  5 orcs
  8 fungi
  10 plants (Lair:6)
67 creatures vanquished.

Grand Total: 988 creatures vanquished

Notes
Turn   | Place    | Note
-------+----------+-------------------------------------------
     0 | D:1      | Gorglomux the Draconian Arcane Marksman began the quest for the Orb.
     0 | D:1      | Reached XP level 1. HP: 16/16 MP: 2/2
    79 | D:1      | Reached XP level 2. HP: 23/23 MP: 3/3
   172 | D:1      | Reached skill level 1 in Unarmed Combat
   558 | D:2      | Reached skill level 2 in Fighting
   727 | D:2      | Noticed Natasha
   733 | D:2      | Reached XP level 3. HP: 23/29 MP: 4/4
   739 | D:2      | Killed Natasha
  1236 | D:3      | Reached XP level 4. HP: 37/37 MP: 5/5
  1662 | D:3      | Found a shadowy altar of Dithmenos.
  1662 | D:3      | Found a glowing golden altar of the Shining One.
  1689 | D:3      | Reached skill level 3 in Fighting
  1855 | D:3      | Reached skill level 3 in Dodging
  1950 | D:3      | Reached XP level 5. HP: 27/45 MP: 6/6
  2226 | D:4      | Found a radiant altar of Vehumet.
  2339 | D:4      | Noticed a phantom
  2339 | D:4      | Noticed a phantom
  2417 | D:4      | Found Didoileaq's Armour Boutique.
  2592 | D:4      | Noticed Natasha
  2607 | D:4      | Killed Natasha
  2607 | D:4      | Reached skill level 3 in Unarmed Combat
  2611 | D:4      | Killed a phantom
  2611 | D:4      | Reached XP level 6. HP: 27/52 MP: 7/7
  2719 | D:4      | Noticed Natasha
  2734 | D:4      | Killed Natasha
  2734 | D:4      | Reached skill level 4 in Fighting
  3730 | D:5      | Entered Level 5 of the Dungeon
  3739 | D:5      | Found a blossoming altar of Fedhas.
  3741 | D:5      | Noticed a sky beast
  3742 | D:5      | Noticed Monsterracer's ghost (veteran MiFE)
  3893 | D:5      | Noticed Menkaure
  3969 | D:5      | Your scales start taking on a fiery red colour.
  3969 | D:5      | Reached XP level 7. HP: 46/60 MP: 8/8
  3969 | D:5      | Gained mutation: Your flesh is heat resistant. (rF+) [Red Draconian growth]
  4016 | D:5      | Gained mutation: You are weak. (Str -2) [potion of mutation]
  4016 | D:5      | Gained mutation: Your mind is acute. (Int +2) [potion of mutation]
  4016 | D:5      | Gained mutation: Your flesh is cold resistant. (rC+) [potion of mutation]
  4016 | D:5      | Gained mutation: Your natural rate of healing is unusually fast. [potion of mutation]
  4016 | D:5      | HP: 3/60 [worker ant zombie (3)]
  4030 | D:4      | Reached skill level 5 in Fighting
  4133 | D:5      | Got an uncursed scorched war axe {drain}
  4134 | D:5      | Identified the +7 war axe "Zuasch" {drain, Int+2} (You took it off a centaur on level 5 of the Dungeon)
  4283 | D:5      | Noticed Dowan
  4289 | D:5      | Noticed Duvessa
  4293 | D:5      | Killed Dowan
  4300 | D:5      | Killed Duvessa
  4521 | D:5      | Reached XP level 8. HP: 65/70 MP: 9/9
  4675 | D:5      | Reached skill level 6 in Fighting
  4678 | D:5      | Killed Menkaure
  4814 | D:6      | Noticed Blork the orc
  4819 | D:6      | Killed Blork the orc
  4838 | D:6      | Found Zozil's Book Shoppe.
  4939 | D:6      | Reached skill level 6 in Unarmed Combat
  4942 | D:6      | Noticed Edmund
  4960 | D:6      | Killed Edmund
  4960 | D:6      | Reached skill level 7 in Fighting
  4960 | D:6      | Reached skill level 6 in Dodging
  4995 | D:6      | Found a bloodstained altar of Trog.
  5218 | D:6      | Found a staircase to the Ecumenical Temple.
  5229 | Temple   | Entered the Ecumenical Temple
  5471 | Temple   | Became a worshipper of Ru the Awakened
  5655 | D:6      | Reached XP level 9. HP: 58/79 MP: 10/10
  5791 | D:6      | Noticed Sigmund
  5796 | D:6      | Killed Sigmund
  5975 | D:7      | Reached skill level 8 in Fighting
  6347 | D:7      | Found a burning altar of Makhleb.
  6382 | D:7      | Found a burning altar of Makhleb.
  6443 | D:7      | Found an iron altar of Okawaru.
  6779 | D:8      | Gained mutation: You are somewhat inexperienced. (-2 XL) [Ru sacrifice]
  6779 | D:8      | Reached XP level 8. HP: 74/74 MP: 9/9
  6779 | D:8      | Reached XP level 7. HP: 68/68 MP: 8/8
  6779 | D:8      | Reached * piety under Ru
  6779 | D:8      | Reached ** piety under Ru
  6790 | D:8      | Found Gyx Yss's General Store.
  6806 | D:8      | Bought a potion of mutation for 104 gold pieces
  6806 | D:8      | Bought a scroll of amnesia for 45 gold pieces
  6877 | D:8      | Reached XP level 8. HP: 76/76 MP: 9/9
  6993 | D:8      | Reached skill level 9 in Fighting
  7599 | D:8      | Reached XP level 9. HP: 78/83 MP: 10/10
  7707 | D:9      | Noticed a two-headed ogre
  7716 | D:9      | Noticed CcS's ghost (novice DENe)
  7718 | D:9      | Killed a two-headed ogre
  7726 | D:9      | Killed CcS's ghost
  7726 | D:9      | Reached skill level 10 in Fighting
  7726 | D:9      | Reached skill level 9 in Unarmed Combat
  7844 | D:9      | Found a staircase to the Lair.
  7944 | D:9      | Reached skill level 1 in Shields
  8137 | D:9      | Found a sacrificial altar of Ru.
  8148 | D:9      | Reached XP level 10. HP: 90/92 MP: 0/11
  8415 | D:9      | Found a deep blue altar of Sif Muna.
  8438 | D:9      | Reached skill level 9 in Dodging
  8533 | D:9      | Gained mutation: You cannot be stealthy. [Ru sacrifice]
  8533 | D:9      | Reached *** piety under Ru
  8574 | D:10     | Entered Level 10 of the Dungeon
  8671 | D:10     | Reached skill level 3 in Shields
  9459 | D:11     | Reached skill level 11 in Fighting
  9825 | D:11     | Noticed a purple ugly thing
  9874 | D:11     | Killed a purple ugly thing
 10014 | D:11     | Noticed a cyclops
 10029 | D:11     | Killed a cyclops
 10029 | D:11     | Reached XP level 11. HP: 95/101 MP: 12/12
 10176 | D:11     | Gained mutation: You cannot study or use magical devices. [Ru sacrifice]
 10176 | D:11     | Reached **** piety under Ru
 10176 | D:11     | Reached ***** piety under Ru
 10442 | D:11     | Noticed a two-headed ogre
 10451 | D:11     | Killed a two-headed ogre
 10496 | D:11     | Killed an unseen horror
 10911 | D:12     | Reached skill level 6 in Shields
 10974 | D:12     | Reached skill level 12 in Fighting
 11467 | D:12     | Found a staircase to the Orcish Mines.
 11544 | D:13     | Noticed a purple ugly thing
 11558 | D:13     | Killed a purple ugly thing
 11630 | D:13     | Noticed a centaur warrior
 11635 | D:13     | Noticed a centaur warrior
 11641 | D:13     | Killed a centaur warrior
 11645 | D:13     | Killed a centaur warrior
 11724 | D:13     | Reached XP level 12. HP: 112/112 MP: 13/13
 11983 | Lair:1   | Entered Level 1 of the Lair of Beasts
 12048 | Lair:1   | Noticed Grum
 12063 | Lair:1   | Killed Grum
 12198 | Lair:1   | Reached skill level 13 in Fighting
 12452 | Lair:1   | Noticed a four-headed hydra
 12457 | Lair:1   | Killed a four-headed hydra
 12582 | Lair:1   | Noticed an ice dragon
 12596 | Lair:1   | Killed an ice dragon
 13117 | Lair:2   | Gained mutation: You are hated by all. [Ru sacrifice]
 13133 | Lair:2   | Reached skill level 9 in Shields
 14654 | Lair:4   | Reached skill level 12 in Dodging
 14654 | Lair:4   | Reached XP level 13. HP: 120/122 MP: 14/14
 14862 | Lair:4   | Found a staircase to the Snake Pit.
 14872 | Lair:4   | Reached skill level 14 in Fighting
 15154 | Lair:4   | Found a staircase to the Shoals.
 15170 | Lair:4   | Gained mutation: You occasionally shout uncontrollably at your foes. [Ru sacrifice]
 16088 | Lair:5   | You fall through a shaft!
 16088 | Lair:6   | Entered Level 6 of the Lair of Beasts
 16636 | Lair:6   | Noticed a dire elephant
 16651 | Lair:6   | Killed a dire elephant
 16996 | Lair:6   | Reached skill level 15 in Fighting
 17370 | Lair:5   | Reached XP level 14. HP: 134/134 MP: 15/15
 17672 | Lair:5   | Found a staircase to the Slime Pits.
 18576 | D:13     | Gained mutation: You sometimes yell uncontrollably at your foes. [Ru sacrifice]
 18576 | D:13     | Reached ****** piety under Ru
 18777 | D:13     | Found a gate to the Vaults.
 18827 | D:14     | Noticed Azrael
 18855 | D:14     | Killed Azrael
 18893 | D:14     | Reached skill level 12 in Shields
 19336 | D:14     | Found a frozen archway.
 19350 | IceCv    | Entered an ice cave
 19365 | IceCv    | Reached skill level 16 in Fighting
 19838 | IceCv    | Noticed a frost giant
 19841 | IceCv    | Reached XP level 15. HP: 143/143 MP: 16/16
 19852 | IceCv    | Killed a frost giant
 19881 | IceCv    | Found the +7 sceptre of Torment
 20258 | D:15     | Entered Level 15 of the Dungeon
 20839 | D:15     | Found Tyastrut's General Store.
 20883 | D:15     | Bought a scroll of fear for 66 gold pieces
 20883 | D:15     | Bought a scroll of identify for 38 gold pieces
 21404 | D:15     | Found a staircase to the Depths.
 21446 | D:15     | Noticed Josephine
 21452 | D:15     | Killed Josephine
 21738 | D:15     | Noticed Sonja
 21765 | D:15     | Killed Sonja
 21862 | Orc:1    | Entered Level 1 of the Orcish Mines
 21862 | Orc:1    | Noticed Fannar
 21882 | Orc:1    | Killed Fannar
 21950 | Orc:1    | Found a burning altar of Makhleb.
 22023 | Orc:2    | Entered Level 2 of the Orcish Mines
 22038 | Orc:2    | Noticed an orc warlord
 22058 | Orc:2    | Killed an orc warlord
 22514 | Orc:2    | Found Ipour's General Store.
 22655 | Orc:2    | Found Yguesule's Distillery.
 22681 | Orc:2    | Bought a potion of haste for 130 gold pieces
 22718 | Orc:2    | Bought a potion of heal wounds for 85 gold pieces
 22718 | Orc:2    | Bought a potion of heal wounds for 85 gold pieces
 22718 | Orc:2    | Bought a potion of heal wounds for 85 gold pieces
 22718 | Orc:2    | Bought a potion of ambrosia for 136 gold pieces
 22718 | Orc:2    | Bought a potion of lignification for 51 gold pieces
 22718 | Orc:2    | Bought a potion of curing for 51 gold pieces
 22771 | Orc:2    | Found a staircase to the Elven Halls.
 23064 | Orc:2    | Reached skill level 17 in Fighting
 23239 | Orc:2    | Found Sowuocs's Antique Armour Shoppe.
 23239 | Orc:2    | Found Poseagg's Book Emporium.
 23239 | Orc:2    | Found a one-way gate leading to the halls of Pandemonium.
 23243 | Orc:2    | Bought a book of the Earth for 910 gold pieces
 23256 | Orc:2    | Learned a level 6 spell: Statue Form
 23484 | Snake:1  | Entered Level 1 of the Snake Pit
 23498 | Lair:4   | Reached XP level 16. HP: 74/154 MP: 11/17
 24194 | Snake:1  | Found a blossoming altar of Fedhas.
 24255 | Snake:1  | Reached skill level 15 in Dodging
 25254 | Snake:2  | Reached skill level 12 in Unarmed Combat
 25272 | Snake:1  | HP: 6/155 [anaconda (5)]
 25289 | Snake:1  | HP: 11/232 [anaconda (4)]
 25294 | Snake:1  | HP: 7/232 [poisoned by a black mamba]
 25299 | Snake:1  | HP: 6/232 [poisoned by a black mamba]
 25306 | Snake:1  | HP: 11/232 [poisoned by a black mamba]
 25850 | Snake:2  | Found Qocvewu's Jewellery Boutique.
 25851 | Snake:2  | Found Cestok's Gadget Shoppe.
 25851 | Snake:2  | Found Lelor's Gadget Shoppe.
 26401 | Snake:3  | Killed from afar by a shock serpent

Vault maps used:
D:1:      dpeg_arrival_arbitrary_b
D:2:      first_ration, uniq_natasha
D:3:      gammafunk_temple_overflow_pools
D:4:      vehumet_altar_wand_db, serial_shops, shop, serial_bayou_pond_b,
          hangedman_decor_riveting, hangedman_glass_teeth,
          kennysheep_generic_room_7
D:5:      nicolae_overflow_crystal_walls, uniq_menkaure, uniq_duvessa
D:6:      lemuel_coloured_pillars_altar, minmay_temple_entry_hall, serial_shops,
          nicolae_shop_waterfront, uniq_edmund, uniq_blork_the_orc, uniq_sigmund
D:7:      marbit_many_paths, okawaru_metal_pillars_1_2, makhleb_heckhound_becter
D:8:      serial_shops, shop
D:9:      lemuel_doored_altar, lair_entry_dummy, basic_altar
D:11:     david_nohive_1
D:12:     hiddenorc1_lemuel, serial_glass, glass_columns_b, glass_columns_a,
          unseen_surprise_small, feat_on_display, item_on_display_a
D:13:     hangedman_vaults_entry_quadrant_bands
D:14:     grunt_decor_mini_mirrors, serial_ice, serial_ice_b, serial_ice_i,
          serial_ice_e, serial_ice_g, portal_ice_cave_entry_ice_beasts,
          uniq_azrael
D:15:     grunt_enter_depths_hoard, small_statue_alley_a, serial_shops, shop,
          uniq_josephine, uniq_sonja
Temple:   eino_temple_water
Lair:1:   dragon1_lemuel, serial_bayou_shore_b, uniq_grum
Lair:2:   grunt_forest_large_clearings, grunt_megastairs_1,
          infiniplex_staircase_pool_2, minmay_lair_oklob_chamber
Lair:3:   beast_lair_carwin_11
Lair:4:   shoals_dummy_entry, minmay_snake_entry_guardpost_small,
          beast_lair_carwin_7, infiniplex_staircase_pool
Lair:5:   minmay_slime_entry_oklob_enclosed
Lair:6:   gammafunk_lair_ancient_temple, small_statue_intersection,
          lemuel_fruit_fields, serial_bayou_shore_b
Snake:1:  basic_altar, lemuel_fruit_tree, grunt_megastairs_3
Snake:2:  minmay_shop_grove
Snake:3:  basic_stair_grate_trap
Orc:1:    basic_altar, serial_shops, shop, uniq_fannar, uniq_snorg
Orc:2:    pf_orc_diabolical
IceCv:    ice_cave_caverns_03

Skill      XL: |  1  2  3  4  5  6  7  8  9 10 11 12 13 14 15 16 |
---------------+-------------------------------------------------+-----
Dodging        | 2 3 4 5 8 7 9 10 12 13 14 15 | 15.4
Unarmed Combat | 1 2 3 4 8 6 9 11 12 | 12.4
Fighting       | 2 3 4 5 9 10 11 12 13 15 16 17 | 17.5
Shields        | 1 4 7 9 11 12 13 14 | 14.5
Crossbows      | |  1.7
Spellcasting   | |  1.0
Hexes          | |  2.6

Action                   |  1- 3 |  4- 6 |  7- 9 | 10-12 | 13-15 | 16-18 || total
-------------------------+-------+-------+-------+-------+-------+-------++-------
Melee: Unarmed           |       |   159 |       |       |   390 |   304 ||   853
       Tailslap          |       |    34 |    48 |    77 |   238 |    87 ||   484
       Punch             |       |     3 |     6 |     8 |       |       ||    17
       Dagger            |       |    68 |    34 |       |       |       ||   102
       War axe           |       |       |   321 |   693 |  1036 |   214 ||  2264
 Fire: Hand crossbow     |    75 |    41 |       |     2 |       |       ||   118
Invok: Sacrifice Experie |       |       |     1 |       |       |       ||     1
       Draw Out Power    |       |       |       |     1 |       |     2 ||     3
       Sacrifice Stealth |       |       |       |     1 |       |       ||     1
       Power Leap        |       |       |       |     4 |     9 |     4 ||    17
       Sacrifice Artific |       |       |       |     1 |       |       ||     1
       Apocalypse        |       |       |       |     1 |     7 |     1 ||     9
       Sacrifice Love    |       |       |       |     1 |       |       ||     1
       Sacrifice Purity  |       |       |       |       |     2 |       ||     2
 Abil: Breathe Fire      |       |       |     7 |    14 |    46 |    12 ||    79
Evoke: Wand              |       |    12 |     4 |       |       |       ||    16
  Use: Scroll            |       |     5 |       |    16 |    21 |     2 ||    44
       Potion            |       |       |     6 |     1 |     1 |     4 ||    12
 Stab: Sleeping          |       |     2 |     4 |       |       |       ||     6
       Distracted        |       |       |     2 |     3 |     6 |     1 ||    12
       Invisible         |       |       |     1 |     8 |    10 |    10 ||    29
       Paralysed         |       |       |       |     6 |    38 |     3 ||    47
  Eat: Chunk             |       |     6 |    17 |    28 |    34 |     5 ||    90
       Ration            |       |     1 |       |       |     2 |     3 ||     6
Armor: Skin              |     7 |    59 |    91 |   154 |   182 |    75 ||   568
Dodge: Dodged            |    20 |   183 |   418 |   741 |   678 |   247 ||  2287
Block: Other             |       |       |       |    49 |       |       ||    49
       Large shield      |       |       |       |   604 |  1968 |   898 ||  3470
       Reflection        |       |       |       |    13 |    43 |    54 ||   110

Table legend:
 A = Spawn XP
 B = Non-spawn XP
 C = Spawn XP percentage of total XP
 D = Spawn monster count
 E = Non-spawn monster count
 F = Spawn count percentage of total count
 G = Total turns spent on level
                    A         B        C        D         E        F      G
               +---------+---------+-------+---------+---------+-------+---------
         Total |       0 |  202964 |   0.0 |       0 |     958 |   0.0 | 26401
               +---------+---------+-------+---------+---------+-------+---------
           D:1 |       0 |      27 |   0.0 |       0 |      14 |   0.0 |   454
           D:2 |       0 |      68 |   0.0 |       0 |       9 |   0.0 |   777
           D:3 |       0 |     117 |   0.0 |       0 |      33 |   0.0 |  1002
           D:4 |       0 |     527 |   0.0 |       0 |      17 |   0.0 |  1866
           D:5 |       0 |    1119 |   0.0 |       0 |      25 |   0.0 |   714
           D:6 |       0 |    1325 |   0.0 |       0 |      31 |   0.0 |   871
           D:7 |       0 |    1323 |   0.0 |       0 |      26 |   0.0 |   824
           D:8 |       0 |    1807 |   0.0 |       0 |      29 |   0.0 |   923
           D:9 |       0 |    3480 |   0.0 |       0 |      33 |   0.0 |   926
          D:10 |       0 |    1543 |   0.0 |       0 |      25 |   0.0 |   938
          D:11 |       0 |    6169 |   0.0 |       0 |      44 |   0.0 |  1200
          D:12 |       0 |    4136 |   0.0 |       0 |      61 |   0.0 |  1008
          D:13 |       0 |   14207 |   0.0 |       0 |      49 |   0.0 |   975
          D:14 |       0 |   15379 |   0.0 |       0 |      61 |   0.0 |   933
          D:15 |       0 |   21700 |   0.0 |       0 |      51 |   0.0 |  1516
        Lair:1 |       0 |    4568 |   0.0 |       0 |      21 |   0.0 |   929
        Lair:2 |       0 |    4765 |   0.0 |       0 |      36 |   0.0 |   833
        Lair:3 |       0 |    3235 |   0.0 |       0 |      26 |   0.0 |   882
        Lair:4 |       0 |   13534 |   0.0 |       0 |      37 |   0.0 |  1481
        Lair:5 |       0 |    8464 |   0.0 |       0 |      27 |   0.0 |  1189
        Lair:6 |       0 |   14055 |   0.0 |       0 |      39 |   0.0 |  1107
       Snake:1 |       0 |   21847 |   0.0 |       0 |      43 |   0.0 |  1697
       Snake:2 |       0 |   18942 |   0.0 |       0 |      43 |   0.0 |   969
       Snake:3 |       0 |    4891 |   0.0 |       0 |       9 |   0.0 |   114
         Orc:1 |       0 |    2523 |   0.0 |       0 |      18 |   0.0 |   313
         Orc:2 |       0 |   20558 |   0.0 |       0 |     104 |   0.0 |  1147
         IceCv |       0 |   12655 |   0.0 |       0 |      47 |   0.0 |   551
               +---------+---------+-------+---------+---------+-------+---------
